 Dungeon Crawl Stone Soup version 0.29.1-1-gd02db6906a (webtiles) character file.

Game seed: 11868811947337357151

211 xian the Sneak (level 6, -12/51 HPs)
             Began as a Kobold Enchanter on Sept 21, 2022.
             Was a Follower of Fedhas.
             Mangled by Menkaure (15 damage)
             ... on level 4 of the Dungeon.
             The game lasted 00:08:40 (3842 turns).

xian the Sneak (Kobold Enchanter)                   Turns: 3842, Time: 00:08:41

Health: -12/51     AC: 23    Str:  7    XL:     6   Next: 13%
Magic:  9/9        EV:  3    Int: 16    God:    Fedhas [*.....]
Gold:   39         SH:  0    Dex: 22    Spells: 9/9 levels left

rFire   . . .      SeeInvis .   t - +2 dagger (elec)
rCold   . . .      Faith    .   (no shield)
rNeg    . . .      Spirit   .   (body armour currently unavailable)
rPois   +          Reflect  .   (helmet currently unavailable)
rElec   .          Harm     .   (cloak currently unavailable)
rCorr   +          Rampage  .   (gloves currently unavailable)
Will    .....      NoTele   +   (boots currently unavailable)
Stlth   +++++.....              (no amulet)
HPRegen 0.17/turn               n - ring of resist corrosion
MPRegen 0.11/turn               v - +6 ring of dexterity

@: tree-form
A: stationary, stasis, torment immunity, boosted hp, small, no large weapons,
nightstalker 3
a: Renounce Religion


You were on level 4 of the Dungeon.
You worshipped Fedhas.
Fedhas was aware of your devotion.
You were a tree.
You visited 1 branch of the dungeon, and saw 4 of its levels.

You collected 220 gold pieces.
You spent 181 gold pieces at shops.

Inventory:

Hand Weapons
 t - a +2 dagger of electrocution (weapon)
Missiles
 l - 5 datura-tipped darts (quivered)
 o - 4 poisoned darts
 r - 2 boomerangs
Armour
 j - a +2 helmet (melded)
 p - the +5 leather armour of Beogh's Condemnation (melded) {rN+}
   (You found it on level 2 of the Dungeon)

   rN:        It protects you from negative energy.
 w - a +0 cloak (melded)
Jewellery
 n - a ring of resist corrosion (left branch)
 v - a +6 ring of dexterity (right branch)
Wands
 e - a wand of mindburst (16)
 g - a wand of flame (16)
Scrolls
 a - a scroll of vulnerability {unknown}
 b - 2 scrolls of butterflies {unknown}
 d - a scroll of brand weapon {unknown}
 i - a scroll of magic mapping {unknown}
 m - 2 scrolls of immolation
 q - a scroll of torment {unknown}
 s - a scroll of enchant weapon {unknown}
 u - a scroll of teleportation {unknown}
 x - a scroll of fear
Potions
 c - 2 potions of invisibility
 h - a potion of attraction {unknown}
 k - 2 potions of flight {unknown}
 z - a potion of heal wounds {unknown}


   Skills:
 + Level 1.2 Fighting
 + Level 3.7 Short Blades
 + Level 0.6 Armour
 + Level 2.7 Dodging
 + Level 6.9 Stealth
 + Level 2.3 Spellcasting
 + Level 3.2 Hexes


You had 9 spell levels left.
You didn't know any spells.
Your spell library contained the following spells:

 Spells                   Type           Power      Damage    Failure   Level
 Ensorcelled Hibernation  Hex/Ice        14%        N/A       16%         2
 Confusing Touch          Hex            12%        N/A       16%         3
 Tukima's Dance           Hex            12%        N/A       16%         3
 Dazzling Flash           Conj/Hex       14%        N/A       30%         3


Dungeon Overview and Level Annotations

Branches:
Dungeon (4/15)
 Temple: D:4-7

Altars:
Fedhas

Shops:
D:4 ?

Annotations:
D:4 Menkaure


Innate Abilities, Weirdness & Mutations

You are a tree.
Your roots penetrate the ground, keeping you stationary.
You cannot be teleported.
You are immune to unholy pain and torment.
Your maximum health is greatly increased.
Your equipment is partially melded.
You are small and have problems with some larger weapons.
You are completely attuned to the shadows.


Message History

There is an open translucent door here.
Things that are here:
a +2 quarterstaff of chaos; the gnoll skeleton of Crazy Yiuf You walk carefully through the fungus.
You see here 7 stones.
There is a stone staircase leading up here.
b - 2 scrolls labelled MOHADGHEVUE (gained 1)
You now have 30 gold pieces (gained 9).
You now have 39 gold pieces (gained 9).
z - a white potion
Okay, then.
You hit Menkaure.
Menkaure is moderately damaged.
Menkaure gestures wildly while chanting.
Menkaure seems to speed up.
You hit Menkaure.
Menkaure is moderately damaged.
Menkaure hits you!
Unknown command.
Really quaff the potion of lignification?
You turn into a tree.
Your +0 cloak melds into your body.
Your +2 helmet melds into your body.
The +5 leather armour of Beogh's Condemnation {rN+} melds into your body.
Your roots penetrate the ground.
Menkaure hits you!
* * * LOW HITPOINT WARNING * * *
You hit Menkaure.
Menkaure is heavily damaged.
Menkaure hits you but does no damage.
You hit Menkaure but do no damage.
Menkaure is heavily damaged.
Menkaure hits you!
* * * LOW HITPOINT WARNING * * *
You hit Menkaure.
Menkaure is severely damaged.
Menkaure hits you but does no damage.
You hit Menkaure.
Menkaure is severely damaged.
Menkaure hits you!
You die...
Fedhas appreciates your contribution to the ecosystem.

#.# ##### ########
#.#####>..###......##
##.......####........##
####...######
#..........# <.....##
#..........# ..(÷..#
#..........# ##.####
#..........# #.###
#..........# #...##
##♣....>..## ###..##
#.M........# ##..#
#..........#
##.########..........#
#..<................#
##..........[.......#
#.....)...........##
#.........#......##
#............#####


You could see Menkaure (fast).

Vanquished Creatures
  Crazy Yiuf (D:4)
  2 iguanas (D:4)
  Ijyb (D:3)
  Robin (D:3)
  2 adders (D:3)
  3 dart slugs
  2 orcs (D:3)
  4 endoplasms
  2 giant cockroaches (D:1)
  13 goblins
  8 hobgoblins
  3 jackals (D:3)
  3 quokkas
  7 ball pythons
  3 bats (D:3)
  2 frilled lizards
  6 kobolds
  4 rats
67 creatures vanquished.

Notes
Turn   | Place    | Note
-------+----------+-------------------------------------------
     0 | D:1      | xian the Kobold Enchanter began the quest for the Orb.
     0 | D:1      | Reached XP level 1. HP: 10/10 MP: 3/3
   413 | D:1      | Reached XP level 2. HP: 15/15 MP: 5/5
  1301 | D:2      | Reached XP level 3. HP: 13/19 MP: 6/6
  1531 | D:2      | Reached skill level 5 in Stealth
  1680 | D:2      | Identified the +5 leather armour of Beogh's Condemnation
                  | {rN+}
  2040 | D:3      | Noticed Ijyb
  2063 | D:3      | Killed Ijyb
  2064 | D:3      | Reached XP level 4. HP: 5/24 MP: 7/7
  2567 | D:3      | Found a blossoming altar of Fedhas.
  2582 | D:3      | Became a worshipper of Fedhas Madash
  2675 | D:3      | Noticed Robin
  2677 | D:3      | Reached skill level 6 in Stealth
  2690 | D:3      | Reached XP level 5. HP: 23/28 MP: 8/8
  2700 | D:3      | Killed Robin
  2838 | D:3      | Found a faded altar of an unknown god.
  2925 | D:3      | Reached skill level 1 in Fighting
  3227 | D:4      | Found Zuokurch's Magic Scroll Shoppe.
  3248 | D:4      | Bought a scroll of enchant armour for 82 gold pieces
  3248 | D:4      | Bought a scroll of immolation for 44 gold pieces
  3248 | D:4      | Bought a scroll of noise for 11 gold pieces
  3248 | D:4      | Bought a scroll of fear for 44 gold pieces
  3262 | D:4      | Noticed Menkaure
  3284 | D:3      | Reached * piety under Fedhas
  3471 | D:4      | Found a runed translucent door.
  3474 | D:4      | Noticed Crazy Yiuf
  3482 | D:4      | Killed Crazy Yiuf
  3483 | D:4      | Reached XP level 6. HP: 4/34 MP: 9/9
  3842 | D:4      | Mangled by Menkaure

Illustrated notes

Levels and vault maps discovered:
D:1:      minmay_arrival_widening_spiral_narrow, layout_loops_ring,
          due_unseen_surprise
D:2:      layout_loops_ring, wander_ebering_terrifying_dragon_lair
D:3:      layout_loops_ring, fedhas_altar_2,
          hellmonk_ecumenical_altar_defaced_shrine, uniq_robin, uniq_ijyb
D:4:      layout_rooms, serial_shops, nicolae_shop_stone,
          uniq_crazy_yiuf_cottage, uniq_sigmund, uniq_menkaure

Skill      XL: |  1  2  3  4  5 |
---------------+----------------+-----
Stealth        | 5 6 |  6.9
Short Blades   | 2 3 |  3.7
Fighting       | 1 |  1.2
Armour         | |  0.6
Dodging        | |  2.7
Spellcasting   | |  2.3
Hexes          | |  3.2

Action                   |  1- 3 |  4- 6 || total
-------------------------+-------+-------++-------
Melee: Dagger            |    81 |    65 ||   146
Throw: Dart              |       |     2 ||     2
  Use: Potion            |     2 |     2 ||     4
       Scroll            |       |     2 ||     2
 Stab: Sleeping          |    18 |    18 ||    36
       Distracted        |       |     1 ||     1
Armor: Skin              |     8 |     2 ||    10
       Leather armour    |     1 |    15 ||    16
Dodge: Dodged            |    39 |    32 ||    71
